 Dungeon Crawl Stone Soup version 0.31-a0-806-g0bc164a743 (webtiles) character file.

Game seed: 2736076405205523846

27 scionoferis the Grave Robber (level 3, -2/29 HPs)
             Began as a Hill Orc Necromancer on Sept 21, 2023.
             Slain by a gnoll
             ... wielding a +0 halberd
              (9 damage)
             ... on level 2 of the Dungeon.
             The game lasted 00:02:55 (1207 turns).

scionoferis the Grave Robber (Hill Orc Necromancer) Turns: 1207, Time: 00:02:55

Health: -2/29      AC:  2    Str: 10    XL:     3   Next: 10%
Magic:  1/5        EV: 12    Int: 15    God:
Gold:   47         SH:  0    Dex: 13    Spells: 4/5 levels left

rFire   . . .        c - +0 dagger
rCold   . . .        (no shield)
rNeg    . . .        a - +0 robe
rPois   .            (no helmet)
rElec   .            (no cloak)
rCorr   .            (no gloves)
SInv    .            (no boots)
Will    +....        (no amulet)
Stlth   ++           g - ring of willpower
HPRegen 0.24/turn    (no ring)
MPRegen 0.09/turn

%: no passive effects
@: no status effects
A: no striking features
a: no special abilities


You were on level 2 of the Dungeon.
You visited 1 branch of the dungeon, and saw 2 of its levels.

You collected 47 gold pieces.


   Skills:
 + Level 2.1 Fighting
 - Level 1.5 Dodging
 + Level 2.4 Stealth
 - Level 1.5 Spellcasting
 - Level 4.0 Necromancy


You had 4 spell levels left.
You knew the following spells:

 Your Spells              Type           Power      Damage    Failure   Level
a - Necrotise             Necr           52%        1d6       4%          1

Your spell library contained the following spells:

 Spells                   Type           Power      Damage    Failure   Level
 Vampiric Draining        Necr           13%        2d6       14%         3
 Animate Dead             Necr           13%        N/A       41%         4
 Agony                    Necr           13%        N/A       77%         5

Inventory:

Hand Weapons
 c - a +0 dagger (weapon)
   (You took it off a goblin on level 1 of the Dungeon)
Missiles
 i - 2 poisoned darts
Armour
 a - a +0 robe (worn)
Jewellery
 g - a ring of willpower (left hand)
   (You found it on level 1 of the Dungeon)
Scrolls
 f - a scroll of immolation {unknown}
 h - a scroll of identify {unknown}
 k - a scroll of fog {unknown}
 m - a scroll of brand weapon {unknown}
Potions
 b - 2 potions of magic
 d - a potion of attraction {unknown}
 e - a potion of degeneration {unknown}
 j - a potion of cancellation {unknown}
 l - 2 potions of resistance {unknown}

Dungeon Overview and Level Annotations

Branches:
Dungeon (2/15)

Altars:

Shops:
D:1

= .
######.... #
#.@ggg..<.
#.##.####....
#. #.......#
.
#.##..#.##.#
#.......##.#
###.#.####.#
#........#
###.#...###
...##.#
#.......#


You could see 3 gnolls.


Message History

Welcome, scionoferis the Hill Orc Necromancer.
If you return without finding the Orb of Zot, so far below, it's all over!
Press ? for a list of commands and other information.
Found a staircase leading out of the dungeon.
Found a leather armour.
The polar bear growls angrily.
You hear a howl!
Found 7 stones.
Press: ? - help, v - describe, . - travel A stone wall.
Unknown command.
The rime drake hisses angrily.
A goblin and an endoplasm come into view.
The endoplasm quivers.
Found a stone staircase leading down.
Aiming: Necrotise (safe; 4% risk of failure)
Press: ? - help, Q - select action Shift-Dir - straight line, f - goblin
Aim: a goblin, wielding a +0 dagger (chance to affect: 83%)
The goblin writhes in agony.
You kill the goblin!
The dead are walking!
You hit the endoplasm. You punch the endoplasm.
The endoplasm is moderately wounded.
The endoplasm misses you.
You hit the endoplasm but do no damage.
The endoplasm is moderately wounded.
The endoplasm freezes you.
You are frozen.
You hit the endoplasm.
The endoplasm is heavily wounded.
The endoplasm hits you.
You barely miss the endoplasm.
The endoplasm is heavily wounded.
Your goblin skeleton hits the endoplasm but does no damage.
The endoplasm hits you.
You barely miss the endoplasm.
The endoplasm is heavily wounded.
The endoplasm freezes you.
You are frozen.
Your goblin skeleton hits the endoplasm but does no damage.
You are too injured to fight recklessly!
You hit the endoplasm.
The endoplasm is severely wounded.
The endoplasm closely misses you.
You hit the endoplasm.
You kill the endoplasm!
You swap places.
You see here a +0 dagger.
c - a +0 dagger You start resting.
Magic restored.
You start resting.
Your goblin skeleton crumbles into dust!
HP restored.
c - a +0 dagger (weapon)
You open the door.
A ball python comes into view.
Found a sedimented red potion.
There is an open door here.
Aiming: Necrotise (safe; 4% risk of failure)
Press: ? - help, Q - select action Shift-Dir - straight line, f - ball python
Aim: a ball python (asleep, chance to affect: 83%)
The ball python writhes in agony.
You kill the ball python!
The dead are slithering!
Magic restored.
d - a sedimented red potion An endoplasm comes into view.
The endoplasm quivers.
Aiming: Necrotise (safe; 4% risk of failure)
Press: ? - help, Q - select action Shift-Dir - straight line, f - endoplasm
Aim: an endoplasm (chance to affect: 83%)
The endoplasm writhes in agony.
You kill the endoplasm!
Your Fighting skill increases to level 1!
Your ball python skeleton crumbles into dust!
Found an escape hatch in the floor.
You now have 8 gold pieces.
e - an orange potion You now have 19 gold pieces (gained 11).
A rat comes into view.
Aiming: Necrotise (safe; 4% risk of failure)
Press: ? - help, Q - select action Shift-Dir - straight line, f - rat
Aim: a rat (asleep, chance to affect: 83%)
The rat writhes in agony.
You kill the rat!
The dead are walking!
You swap places.
f - a scroll labelled LIEW YVAGADD You swap places.
Your rat skeleton crumbles into dust!
A quokka comes into view.
Found a scroll labelled ORRUEF URAREM.
You see here a ring of willpower.
Aiming: Necrotise (safe; 4% risk of failure)
Press: ? - help, Q - select action Shift-Dir - straight line, f - quokka
Aim: a quokka (chance to affect: 83%)
The quokka writhes in agony.
Unknown command.
Aiming: Necrotise (safe; 4% risk of failure)
Press: ? - help, Q - select action Shift-Dir - straight line, f/p - quokka
Aim: a quokka (almost dead, chance to affect: 83%)
You miscast Necrotise.
You are very lightly contaminated with residual magic.
Nothing appears to happen.
The quokka closely misses you.
You closely miss the quokka.
The quokka is almost dead.
The quokka barely misses you.
You closely miss the quokka.
The quokka is almost dead.
The quokka closely misses you.
Aiming: Necrotise (safe; 4% risk of failure)
Press: ? - help, Q - select action Shift-Dir - straight line, f/p - quokka
Aim: a quokka (almost dead, chance to affect: 83%)
The quokka writhes in agony.
You kill the quokka!
The dead are hopping!
Your Stealth skill increases to level 2!
You have reached level 2!
g - a ring of willpower
Okay, then.
g - a ring of willpower (left hand)
Your magical contamination has completely faded away.
Your quokka skeleton crumbles into dust!
h - a scroll labelled ORRUEF URAREM You open the door.
There is an open door here.
Found 2 poisoned darts.
You see here 2 poisoned darts.
i - 2 poisoned darts An endoplasm comes into view.
The endoplasm quivers.
Aiming: Necrotise (safe; 4% risk of failure)
Press: ? - help, Q - select action, (/) - cycle Shift-Dir - straight line, f - endoplasm
Aim: an endoplasm (chance to affect: 83%)
The endoplasm writhes in agony.
You kill the endoplasm!
Unknown command.
Found a whip.
Found Eraopeut's One-of-a-Kind Rings.
There is an entrance to Eraopeut's One-of-a-Kind Rings here.
As you open the door, it creaks loudly!
There is an open door here.
A rat comes into view.
Aiming: Necrotise (safe; 4% risk of failure)
Press: ? - help, Q - select action, (/) - cycle Shift-Dir - straight line, f - rat
Aim: a rat (chance to affect: 83%)
The rat writhes in agony.
Unknown command.
Aiming: Necrotise (safe; 4% risk of failure)
Press: ? - help, Q - select action, (/) - cycle Shift-Dir - straight line, f/p - rat
Aim: a rat (heavily wounded, chance to affect: 83%)
The rat barely resists.
Unknown command.
Aiming: Necrotise (safe; 4% risk of failure)
Press: ? - help, Q - select action, (/) - cycle Shift-Dir - straight line, f/p - rat
Aim: a rat (heavily wounded, chance to affect: 83%)
You miscast Necrotise.
You are very lightly contaminated with residual magic.
Nothing appears to happen.
The rat misses you.
You hit the rat but do no damage.
The rat is heavily wounded.
The rat closely misses you.
You hit the rat.
You kill the rat!
No target in view!
No target in view!
Your magical contamination has completely faded away.
A dart slug comes into view.
You hit the dart slug.
The dart slug is heavily wounded.
The dart slug bites you.
You hit the dart slug.
The dart slug is severely wounded.
The dart slug bites you.
You hit the dart slug.
The dart slug is almost dead.
You hit the dart slug.
You kill the dart slug!
No target in view!
You see here a dart slug corpse.
You open the door.
There is an open door here.
Found a short sword.
You now have 34 gold pieces (gained 15).
A kobold comes into view. It is wielding a +0 short sword.
The helpless kobold fails to defend itself.
You hit the kobold.
The kobold is severely wounded.
The kobold barely misses you.
You hit the kobold but do no damage.
The kobold is severely wounded.
The kobold hits you with a +0 short sword.
You closely miss the kobold.
The kobold is severely wounded.
The kobold closely misses you.
You closely miss the kobold.
The kobold is severely wounded.
The kobold misses you.
You hit the kobold.
You kill the kobold!
No target in view!
No target in view!
Things that are here:
a +0 short sword; a stone; a kobold corpse An endoplasm comes into view.
The endoplasm quivers.
Aiming: Necrotise (safe; 4% risk of failure)
Press: ? - help, Q - select action, (/) - cycle Shift-Dir - straight line, f - endoplasm
Aim: an endoplasm (chance to affect: 83%)
The endoplasm writhes in agony.
Unknown command.
You hit the endoplasm.
You kill the endoplasm!
Found 8 stones.
Found 3 stones.
A goblin comes into view. It is wielding a +0 dagger.
The goblin shouts!
You hear a shout!
A hobgoblin comes into view.
Aiming: Necrotise (safe; 4% risk of failure)
Press: ? - help, Q - select action, (/) - cycle Shift-Dir - straight line, f - goblin
Aim: a goblin, wielding a +0 dagger (chance to affect: 83%)
The goblin writhes in agony.
You kill the goblin!
The dead are walking!
No target in view!
You swap places.
An endoplasm comes into view.
The endoplasm jiggles.
Aiming: Necrotise (safe; 4% risk of failure)
Press: ? - help, Q - select action, (/) - cycle Shift-Dir - straight line, f - hobgoblin
Aim: a hobgoblin (ally target, chance to affect: 83%)
The hobgoblin writhes in agony.
Unknown command.
Aiming: Necrotise (safe; 4% risk of failure)
Press: ? - help, Q - select action, (/) - cycle Shift-Dir - straight line, f/p - hobgoblin
Aim: a hobgoblin (heavily wounded, ally target, chance to affect: 83%)
The hobgoblin writhes in agony.
You kill the hobgoblin!
The dead are walking!
Your hobgoblin skeleton hits the endoplasm.
You hit the endoplasm.
The endoplasm is almost dead.
The endoplasm completely misses you.
You completely miss the endoplasm.
The endoplasm is almost dead.
Your hobgoblin skeleton hits the endoplasm.
The endoplasm dies!
Your goblin skeleton crumbles into dust!
Your hobgoblin skeleton crumbles into dust!
You now have 47 gold pieces (gained 13).
Found a stone staircase leading down.
j - a fuming emerald potion
There is a stone staircase leading down here.
k - a scroll labelled WYED KASAFI An endoplasm and a goblin come into view.
Aiming: Necrotise (safe; 4% risk of failure)
Press: ? - help, Q - select action, (/) - cycle Shift-Dir - straight line, f - endoplasm
Aim: an endoplasm (asleep, chance to affect: 83%)
The endoplasm quivers.
The endoplasm writhes in agony.
The goblin shouts!
Aiming: Necrotise (safe; 4% risk of failure)
Press: ? - help, Q - select action, (/) - cycle Shift-Dir - straight line, f/p - endoplasm
Aim: an endoplasm (lightly wounded, chance to affect: 83%)
The endoplasm writhes in agony.
Unknown command.
Aiming: Necrotise (safe; 4% risk of failure)
Press: ? - help, Q - select action, (/) - cycle Shift-Dir - straight line, f/p - endoplasm
Aim: an endoplasm (severely wounded, chance to affect: 83%)
The endoplasm barely resists.
Unknown command.
You hit the endoplasm but do no damage.
The endoplasm is severely wounded.
The endoplasm freezes you.
You are frozen.
You hit the endoplasm but do no damage.
The endoplasm is severely wounded.
The endoplasm freezes you.
You are frozen.
You hit the endoplasm.
The endoplasm is almost dead.
The endoplasm freezes you.
You are frozen.
You hit the endoplasm.
You kill the endoplasm!
Aiming: Necrotise (safe; 4% risk of failure)
Press: ? - help, Q - select action, (/) - cycle Shift-Dir - straight line, f - goblin
Aim: a goblin, wielding a +0 dagger (chance to affect: 83%)
The goblin writhes in agony.
You kill the goblin!
The dead are walking!
Your goblin skeleton crumbles into dust!
You see here a +0 dagger.
A kobold comes into view. It is wielding a +0 short sword.
The kobold shouts!
The kobold moves out of view.
Found a potion of magic.
The kobold shouts!
A kobold is nearby!
You barely miss the kobold.
The kobold hits you with a +0 short sword.
You hit the kobold.
The kobold is severely wounded.
The kobold barely misses you.
You closely miss the kobold.
The kobold is severely wounded.
The kobold closely misses you.
Aiming: Necrotise (safe; 4% risk of failure)
Press: ? - help, Q - select action, (/) - cycle Shift-Dir - straight line, f - kobold
Aim: a kobold, wielding a +0 short sword (severely wounded, chance to affect: 83%)
You miscast Necrotise.
You are very lightly contaminated with residual magic.
Nothing appears to happen.
The kobold closely misses you.
Aiming: Necrotise (safe; 4% risk of failure)
Press: ? - help, Q - select action, (/) - cycle Shift-Dir - straight line, f/p - kobold
Aim: a kobold, wielding a +0 short sword (severely wounded, chance to affect: 83%)
The kobold writhes in agony.
You kill the kobold!
The dead are walking!
Your Fighting skill increases to level 2!
Your magical contamination has completely faded away.
You swap places.
You see here a +0 short sword.
l - 2 sedimented clear potions Your kobold skeleton crumbles into dust!
b - 2 potions of magic (gained 1)
A quokka comes into view.
A quokka is nearby!
Aiming: Necrotise (safe; 4% risk of failure)
Press: ? - help, Q - select action, (/) - cycle Shift-Dir - straight line, f - quokka
Aim: a quokka (chance to affect: 83%)
The quokka writhes in agony.
Unknown command.
Aiming: Necrotise (safe; 4% risk of failure)
Press: ? - help, Q - select action, (/) - cycle Shift-Dir - straight line, f/p - quokka
Aim: a quokka (severely wounded, chance to affect: 83%)
The quokka barely resists.
Unknown command.
Aiming: Necrotise (safe; 4% risk of failure)
Press: ? - help, Q - select action, (/) - cycle Shift-Dir - straight line, f/p - quokka
Aim: a quokka (severely wounded, chance to affect: 83%)
The quokka writhes in agony.
You kill the quokka!
The dead are hopping!
You have reached level 3!
Your experience leads to an increase in your attributes!
Increase (S)trength, (I)ntelligence, or (D)exterity?
You feel agile. x2
Your quokka skeleton crumbles into dust!
There is an escape hatch in the floor here.
As you open the door, it creaks loudly!
You open the door.
There is an open door here.
Found a stone staircase leading down.
There is a stone staircase leading down here.
Done exploring.
You open the door.
There is an open door here.
There is a stone staircase leading down here.
Search for what [? for help]? d: Unknown command.
You climb downwards.
There is a stone staircase leading up here.
Found a stone staircase leading down.
A hobgoblin comes into view.
Aiming: Necrotise (safe; 4% risk of failure)
Press: ? - help, Q - select action, (/) - cycle Shift-Dir - straight line, f - hobgoblin
Aim: a hobgoblin (asleep, chance to affect: 83%)
The hobgoblin writhes in agony.
Unknown command.
Aiming: Necrotise (safe; 4% risk of failure)
Press: ? - help, Q - select action, (/) - cycle Shift-Dir - straight line, f/p - hobgoblin
Aim: a hobgoblin (severely wounded, chance to affect: 83%)
The hobgoblin writhes in agony.
You kill the hobgoblin!
The dead are walking!
Magic restored.
You swap places.
A ball python comes into view.
Found a scroll labelled ENGOKU FUITHRORGHOL.
Aiming: Necrotise (safe; 4% risk of failure)
Press: ? - help, Q - select action, (/) - cycle Shift-Dir - straight line, f - ball python
Aim: a ball python (asleep, ally target, chance to affect: 83%)
The ball python writhes in agony.
Unknown command.
Aiming: Necrotise (safe; 4% risk of failure)
Press: ? - help, Q - select action, (/) - cycle Shift-Dir - straight line, f/p - ball python
Aim: a ball python (severely wounded, ally target, chance to affect: 83%)
The ball python writhes in agony.
You kill the ball python!
The dead are slithering!
Your hobgoblin skeleton crumbles into dust!
A bat comes into view.
No target in view!
Found a scale mail.
Aiming: Necrotise (safe; 4% risk of failure)
Press: ? - help, Q - select action, (/) - cycle Shift-Dir - straight line, f - bat
Aim: a bat (wandering, ally target, hasn't noticed you, chance to affect: 83%)
The bat writhes in agony.
Unknown command.
You completely miss the bat.
The bat is severely wounded.
The bat hits you. The bat hits you but does no damage.
You hit the bat but do no damage.
The bat is severely wounded.
The bat hits you.
Aiming: Necrotise (safe; 4% risk of failure)
Press: ? - help, Q - select action, (/) - cycle Shift-Dir - straight line, f/p - bat
Aim: a bat (severely wounded, ally target, chance to affect: 83%)
You miscast Necrotise.
You are very lightly contaminated with residual magic.
Nothing appears to happen.
The bat hits you. The bat misses you.
Your ball python skeleton barely misses the bat. x2
You swap places.
The bat hits you.
You closely miss the bat.
The bat is severely wounded.
The bat closely misses you. The bat hits your ball python skeleton.
Aiming: Necrotise (safe; 4% risk of failure)
Press: ? - help, Q - select action, (/) - cycle Shift-Dir - straight line, f - you, p - bat
Okay, then.
The bat hits your ball python skeleton. x2
Your ball python skeleton completely misses the bat.
Your ball python skeleton barely misses the bat.
The bat hits your ball python skeleton.
The bat barely misses your ball python skeleton.
The bat hits your ball python skeleton.
Your ball python skeleton bites the bat.
The bat dies!
Your magical contamination has completely faded away.
HP restored.
Your ball python skeleton crumbles into dust!
m - a scroll labelled ENGOKU FUITHRORGHOL A gnoll comes into view.
It is wielding a +0 halberd.
Found a stone staircase leading up.
A gnoll comes into view. It is wielding a +0 club.
The gnoll shouts!
You hear a shout!
A gnoll comes into view. It is wielding a +0 whip.
Aiming: Necrotise (safe; 4% risk of failure)
Press: ? - help, Q - select action, (/) - cycle Shift-Dir - straight line, f - gnoll
Aim: a gnoll, wielding a +0 halberd (chance to affect: 76%)
The gnoll writhes in agony.
Unknown command.
Aiming: Necrotise (safe; 4% risk of failure)
Press: ? - help, Q - select action, (/) - cycle Shift-Dir - straight line, f/p - gnoll
Aim: a gnoll, wielding a +0 halberd (heavily wounded, chance to affect: 76%)
The gnoll writhes in agony.
Unknown command.
Aiming: Necrotise (safe; 4% risk of failure)
Press: ? - help, Q - select action, (/) - cycle Shift-Dir - straight line, f/p - gnoll
Aim: a gnoll, wielding a +0 halberd (severely wounded, chance to affect: 76%)
The gnoll writhes in agony.
Unknown command.
Aiming: Necrotise (safe; 4% risk of failure)
Press: ? - help, Q - select action, (/) - cycle Shift-Dir - straight line, f/p - gnoll
Aim: a gnoll, wielding a +0 halberd (severely wounded, chance to affect: 76%)
The gnoll barely resists.
Unknown command.
Aiming: Necrotise (safe; 4% risk of failure)
Press: ? - help, Q - select action, (/) - cycle Shift-Dir - straight line, f/p - gnoll
Aim: a gnoll, wielding a +0 halberd (severely wounded, chance to affect: 76%)
The gnoll writhes in agony.
Unknown command.
You completely miss the gnoll.
The gnoll is severely wounded.
The gnoll closely misses you.
The gnoll hits you from afar with a +0 halberd!
You barely miss the gnoll.
The gnoll is severely wounded.
The gnoll hits you with a +0 club. The gnoll closely misses you.
You hit the gnoll.
The gnoll is almost dead.
The gnoll barely misses you. x2
You hit the gnoll but do no damage.
The gnoll is almost dead.
The gnoll barely misses you.
The gnoll hits you from afar with a +0 halberd!
* * * LOW HITPOINT WARNING * * *
You hit the gnoll but do no damage.
The gnoll is almost dead.
The gnoll misses you.
The gnoll hits you from afar with a +0 halberd!
You die...

Skill      XL: |  1  2 |
---------------+-------+-----
Fighting       | 1 2 |  2.1
Stealth        | 2 |  2.4
Dodging        | |  1.5
Spellcasting   | |  1.5
Necromancy     | |  4.0

Action                     || total
---------------------------++-------
  Melee: Unarmed           ||     7
         Dagger            ||    31
         Punch             ||     1
   Cast: Necrotise         ||    31
   Stab: Sleeping          ||     1
 Armour: Robe              ||    15
  Dodge: Dodged            ||    22

Levels and vault maps discovered:
D:1:      onia_arrival_zoo_common, layout_loops_corners,
          nicolae_shop_unique_rings, hex_large, hangedman_abyss_or_decor_stabs
D:2:      layout_loops_cross, moated_statue

Notes
Turn   | Place    | Note
-------+----------+-------------------------------------------
     0 | D:1      | scionoferis the Hill Orc Necromancer began the quest for
                  | the Orb.
     0 | D:1      | Reached XP level 1. HP: 14/14 MP: 3/3
     6 | D:1      | Noticed a rime drake
     6 | D:1      | Noticed a polar bear
     6 | D:1      | Noticed a salamander
     7 | D:1      | Noticed a redback
     7 | D:1      | Noticed a wolf
   104 | D:1      | Reached skill level 1 in Fighting
   268 | D:1      | Reached skill level 2 in Stealth
   268 | D:1      | Reached XP level 2. HP: 23/23 MP: 0/4
   428 | D:1      | Found Eraopeut's One-of-a-Kind Rings.
   795 | D:1      | Reached skill level 2 in Fighting
   841 | D:1      | Reached XP level 3. HP: 29/29 MP: 1/5
  1207 | D:2      | Slain by a gnoll

Vanquished Creatures
  A dart slug (D:1)
  2 ball pythons (D:1 D:2)
  5 endoplasms (D:1)
  3 goblins (D:1)
  2 hobgoblins (D:1 D:2)
  2 kobolds (D:1)
  2 quokkas (D:1)
  2 rats (D:1)
19 creatures vanquished.

Vanquished Creatures (collateral kills)
  An endoplasm (D:1)
  A bat (D:2)
2 creatures vanquished.

Grand Total: 21 creatures vanquished

Table legend: (Time is in decaauts)
 A = Elapsed time spent in this place.
 B = Non-inter-level travel time spent in this place.
 C = Inter-level travel time spent in this place.
 D = Time resting spent in this place.
 E = Time spent auto-exploring this place.
 F = Levels seen in this place.
 G = Mean time per level.
                   A        B        C        D        E       F      G
               +--------+--------+--------+--------+--------+-----+--------+
         Total |   1205 |   1179 |     26 |     37 |    984 |   2 |  602.5 |
       Dungeon |   1205 |   1179 |     26 |     37 |    984 |   2 |  602.5 |
               +--------+--------+--------+--------+--------+-----+--------+

Top non-repeatable levels by time:
     D:1: 1090 daAuts
     D:2: 115 daAuts

Table legend:
 A = Non-vault XP
 B = Vault XP
 C = Vault XP percentage of total XP
 D = Non-vault monster count
 E = Vault monster count
 F = Vault count percentage of total count
                 A         B        C        D         E       F
            +---------+---------+-------+---------+---------+-------
      Total |      39 |       0 |   0.0 |      21 |       0 |   0.0
            +---------+---------+-------+---------+---------+-------
        D:1 |      34 |       0 |   0.0 |      18 |       0 |   0.0
        D:2 |       5 |       0 |   0.0 |       3 |       0 |   0.0
            +---------+---------+-------+---------+---------+-------
